 Dungeon Crawl Stone Soup version 0.27-a0-679-g77a6b55cf3 (webtiles) character file.

Game seed: 6157611401725681832

662 kenlaan the Shield-Bearer (level 7, 0/53 HPs)
             Began as a Demonspawn Fighter on Mar 18, 2021.
             Was a Follower of Okawaru.
             Slain by a wyvern zombie (5 damage)
             ... on level 5 of the Dungeon.
             The game lasted 00:12:14 (5065 turns).

kenlaan the Shield-Bearer (Demonspawn Fighter)      Turns: 5065, Time: 00:12:15

Health: 0/53       AC:  8    Str: 19    XL:     7   Next: 30%
Magic:  7/7        EV:  8    Int:  9    God:    Okawaru [*.....]
Gold:   163        SH: 14    Dex: 12    Spells: 6/6 levels left

rFire    . . .     SeeInvis .   g - +2 long sword (vorpal)
rCold    . . .     Faith    .   c - +1 kite shield
rNeg     . . .     Spirit   .   b - +0 scale mail
rPois    .         Reflect  .   (no helmet)
rElec    .         Harm     .   (no cloak)
rCorr    .         Rampage  .   (no gloves)
Will     .....                  o - +0 pair of boots
Stlth    ..........             (no amulet)
HPRegen  0.17/turn              (no ring)
MPRegen  0.20/turn              (no ring)

@: no status effects
A: large bone plates 1, powered by death 2, magic regeneration
a: Renounce Religion, Heroism


You were on level 5 of the Dungeon.
You worshipped Okawaru.
Okawaru was aware of your devotion.
You visited 2 branches of the dungeon, and saw 6 of its levels.
You also visited: Sewer.

You collected 163 gold pieces.

Inventory:

Hand Weapons
 a - a +0 war axe
 g - a +2 vorpal long sword (weapon)
Armour
 b - a +0 scale mail (worn)
 c - a +1 kite shield (worn)
 o - a +0 pair of boots (worn)
Jewellery
 f - a ring of wizardry
Wands
 i - a wand of charming (12)
 q - a wand of flame (11)
Scrolls
 m - a scroll of magic mapping {unknown}
 n - 2 scrolls of identify
 p - a scroll of fear
Potions
 d - 3 potions of curing {unknown}
 e - 2 potions of heal wounds
 h - a potion of brilliance {unknown}
 j - a potion of haste {unknown}
 k - a potion of attraction {unknown}
 l - a potion of degeneration {unknown}
 r - a potion of resistance {unknown}
 s - 2 potions of flight {unknown}


   Skills:
 + Level 3.9 Fighting
 + Level 3.4 Long Blades
 + Level 2.4 Axes
 + Level 4.0 Armour
 + Level 2.2 Dodging
 + Level 4.6 Shields


You had 6 spell levels left.
You didn't know any spells.
Your spell library contained the following spells:

 Spells                   Type           Power      Damage    Failure   Level
 Animate Skeleton         Necr           0%         N/A       99%         1
 Apportation              Tloc           0%         N/A       99%         1
 Corona                   Hex            0%         N/A       99%         1
 Summon Small Mammal      Summ           0%         N/A       99%         1


Dungeon Overview and Level Annotations

Branches:
Dungeon (5/15)             Temple (1/1) D:4           Sewer (visited)

Altars:
Ashenzari
Cheibriados
Dithmenos
Elyvilon
Fedhas
Hepliaklqana
Kikubaaqudgha
Makhleb
Nemelex Xobeh
Okawaru
Qazlal
Sif Muna
Trog
Uskayaw
Vehumet
Yredelemnul
Zin
The Shining One


Innate Abilities, Weirdness & Mutations

You are partially covered in large bone plates. (SH +4)
You regenerate health from kills.
You regenerate magic rapidly.


Message History

The howler monkey is moderately wounded.
You block the orc's attack. You block the howler monkey's attack.
The wyvern zombie bites you! The orc hits you but does no damage.
The howler monkey hits you but does no damage.
You hit the howler monkey.
The howler monkey is heavily wounded.
The wyvern zombie bites you!
The howler monkey hits you but does no damage.
The orc hits you but does no damage.
The wyvern zombie bites you but does no damage.
You block the orc's attack.
You hit the howler monkey but do no damage.
The howler monkey is heavily wounded.
The howler monkey hoots and howls with incredible vigour!
The wyvern zombie bites you! The howler monkey closely misses you.
You block the wyvern zombie's attack. You block the orc's attack.
The orc hits you with a +0 club. The orc priest barely misses you.
You hit the howler monkey but do no damage.
The howler monkey is heavily wounded.
The howler monkey hoots and howls with incredible vigour!
You block the wyvern zombie's attack. You block the orc's attack. x2
The orc priest hits you with a +0 flail.
The howler monkey barely misses you. You block the wyvern zombie's attack.
Unknown command.
You feel much better. You block the orc's attack.
An ice beast comes into view.
You block the orc's attack. The howler monkey hits you.
The wyvern zombie closely misses you.
You riposte.
You slash the wyvern zombie!
The wyvern zombie is moderately damaged.
The orc priest hits you with a +0 flail.
You hit the orc priest.
The orc priest is moderately wounded.
The wyvern zombie bites you.
The howler monkey hoots and howls with incredible vigour!
You block the orc's attack. x2; The orc hits you with a +0 club.
The orc priest mumbles some strange prayers to Beogh against you.
Beogh smites you!
* * * LOW HITPOINT WARNING * * *
The wyvern zombie bites you.
You die...

...........#
...........#
........$..#
.......!...#
..o........#
..o........# .
.#######'############
....##Z.o##........##.#.
......h@o...............
......oo................
........................
.....................>..
...............[........
...Y#########'##########
>...##...####.####....##
... #.......#...........
#.......#...........


You could see an ice beast, a howler monkey (catching breath), an orc priest, 3
orcs and a wyvern zombie.

Vanquished Creatures
  A phantom (D:5)
  A kobold brigand (Sewer)
  A howler monkey (D:3)
  2 hounds
  An orc priest (D:4)
  2 iguanas (D:5)
  An orc wizard (D:4)
  2 worker ants (D:4)
  A worker ant zombie (D:5)
  4 gnolls
  7 adders
  2 river rats
  A white imp (D:5)
  An ufetubus (D:5)
  An ooze (D:2)
  4 leopard geckos
  11 orcs
  6 giant cockroaches
  11 goblins
  8 hobgoblins
  11 jackals
  6 quokkas
  2 ball pythons
  3 bats
  9 frilled lizards
  A jackal skeleton (D:4)
  6 kobolds
  A leopard gecko skeleton (D:4)
  19 rats
126 creatures vanquished.

Vanquished Creatures (others)
  7 plants (D:4)
7 creatures vanquished.

Grand Total: 133 creatures vanquished

Notes
Turn   | Place    | Note
-------+----------+-------------------------------------------
     0 | D:1      | kenlaan the Demonspawn Fighter began the quest for the Orb.
     0 | D:1      | Reached XP level 1. HP: 18/18 MP: 1/1
   121 | D:1      | Gained mutation: You are partially covered in large bone
                  | plates. (SH +4) [demonic ancestry]
   121 | D:1      | Reached XP level 2. HP: 11/24 MP: 2/2
  1076 | D:1      | Gained mutation: You regenerate a little health from kills.
                  | [demonic ancestry]
  1076 | D:1      | Reached XP level 3. HP: 9/29 MP: 3/3
  1337 | D:2      | Reached skill level 1 in Dodging
  1387 | D:2      | Gained mutation: You regenerate magic rapidly. [demonic
                  | ancestry]
  1387 | D:2      | Reached XP level 4. HP: 35/35 MP: 4/4
  1925 | D:2      | Found a broken altar of Ashenzari.
  2147 | D:2      | Reached skill level 1 in Long Blades
  2309 | D:3      | Reached XP level 5. HP: 28/41 MP: 5/5
  2860 | D:3      | Found a faded altar of an unknown god.
  3425 | D:4      | Noticed a rust devil
  3498 | D:4      | Noticed an angel
  3531 | D:4      | Gained mutation: You regenerate health from kills. [demonic
                  | ancestry]
  3531 | D:4      | Reached XP level 6. HP: 35/47 MP: 6/6
  3591 | D:4      | Found a staircase to the Ecumenical Temple.
  3600 | Temple   | Entered the Ecumenical Temple
  3685 | Temple   | Became a worshipper of Warmaster Okawaru
  4162 | D:5      | Entered Level 5 of the Dungeon
  4210 | D:5      | Found a shadowy altar of Dithmenos.
  4260 | D:5      | Reached * piety under Okawaru
  4516 | D:5      | Reached XP level 7. HP: 40/53 MP: 7/7
  4566 | D:5      | Found a glowing drain.
  4574 | Sewer    | Entered a sewer
  5065 | D:5      | Slain by a wyvern zombie

Illustrated notes

Levels and vault maps discovered:
D:1:      eino_arrival_water_star, layout_basic
D:2:      layout_rooms, lemuel_round_altar
D:3:      layout_basic, chequers_ecumenical_altar_simple, chequers_avenue
D:4:      layout_basic, temple_garden, minmay_crystal_room,
          kennysheep_generic_room_10
D:5:      layout_gridville, portal_sewer_entry_e,
          nicolae_dithmenos_shadow_blocks
Temple:   minmay_crystal_snake_temple

Skill      XL: |  1  2  3  4  5  6  7 |
---------------+----------------------+-----
Shields        | 3 4 |  4.6
Axes           | 2 |  2.4
Armour         | 3 4 |  4.0
Dodging        | 1 2 |  2.2
Long Blades    | 1 2 3 |  3.4
Fighting       | |  3.9

Action                   |  1- 3 |  4- 6 |  7- 9 || total
-------------------------+-------+-------+-------++-------
Melee: War axe           |    57 |       |       ||    57
       Long sword        |    37 |   241 |    62 ||   340
  Use: Potion            |     1 |     1 |     1 ||     3
       Scroll            |       |     3 |       ||     3
Armor: Scale mail        |    46 |    70 |    35 ||   151
Dodge: Dodged            |    24 |    74 |    22 ||   120
Block: Kite shield       |    74 |   208 |    80 ||   362
       Rpst.: Long sword |     5 |    28 |     9 ||    42

Table legend: (Time is in decaauts)
 A = Elapsed time spent in this place.
 B = Non-inter-level travel time spent in this place.
 C = Inter-level travel time spent in this place.
 D = Time resting spent in this place.
 E = Time spent auto-exploring this place.
 F = Levels seen in this place.
 G = Mean time per level.
                   A        B        C        D        E       F      G
               +--------+--------+--------+--------+--------+-----+--------+
         Total |   5316 |   5190 |    126 |   1606 |   2409 |   7 |  759.4 |
       Dungeon |   4782 |   4662 |    120 |   1406 |   2176 |   5 |  956.4 |
        Temple |    130 |    124 |      6 |      0 |    120 |   1 |  130.0 |
         Sewer |    402 |    402 |      0 |    200 |    112 |   1 |  402.0 |
               +--------+--------+--------+--------+--------+-----+--------+

Top non-repeatable levels by time:
     D:1: 1373 daAuts
     D:2: 997 daAuts
     D:4: 988 daAuts
     D:3: 849 daAuts
     D:5: 573 daAuts
   Sewer: 402 daAuts
  Temple: 130 daAuts
